 Dungeon Sprint DCSS version 0.24.0-125-gc4c63601f3 (webtiles) character file.

Game seed: 3277651017712492716, levelgen mode: deterministic

2800000 Ponchio the Conqueror (level 17, 71/191 HPs)
             Began as a Grey Draconian Berserker on Mar 4, 2020.
             Was a Follower of Trog.
             Got out of the dungeon alive.
             The game lasted 00:03:12 (28 turns).

Ponchio the Conqueror (Grey Draconian Berserker)      Turns: 28, Time: 00:03:12

Health: 71/191     AC: 14    Str: 19    XL:     17   Next: 67%
Magic:  16/34      EV: 33    Int:  9    God:    Trog [*.....]
Gold:   0          SH:  0    Dex: 17    Spells: 43/43 levels left

rFire    . . .     SeeInvis .   i - +โˆž Axe of Woe
rCold    . . .     Gourm    .   (shield currently unavailable)
rNeg     . . .     Faith    .   (armour unavailable)
rPois    .         Spirit   .   (helmet restricted)
rElec    .         Reflect  .   (no cloak)
rCorr    .         Harm     .   (no gloves)
MR       +....     NoTele   +   (no boots)
Stlth    ++++++....             (no amulet)
HPRegen  0.41/turn              (no ring)
MPRegen  0.24/turn              (no ring)

@: no status effects
A: walk through water, unfitting armour, unbreathing, cold-blooded, AC +14
a: Berserk, Renounce Religion


You escaped.
You worshipped Trog.
Trog was aware of your devotion.
You were not hungry.

You visited 1 branch

Inventory:

Hand Weapons
 a - a +0 hand axe
 i - the +โˆž Axe of Woe (weapon)
   (You found it in the Dungeon)
Scrolls
 h - a scroll of blinking
Potions
 c - a potion of curing
 d - a potion of heal wounds
 e - a potion of haste
 f - 2 potions of magic
 g - a potion of berserk rage
Comestibles
 b - a ration


   Skills:
 O Level 27 Fighting
 O Level 27 Axes
 + Level 13.5 Throwing
 O Level 27 Dodging
 + Level 14.6 Stealth
 + Level 14.6 Unarmed Combat
 + Level 13.5 Spellcasting


You had 43 spell levels left.
You didn't know any spells.
Your spell library was empty.

Dungeon Overview and Level Annotations

Branches:
Dungeon (1/1)

Altars:
Makhleb


Innate Abilities, Weirdness & Mutations

You can walk through water.
Your dull iron-grey scales are very hard. (AC +14)
You cannot fit into any form of body armour.
You can survive without breathing.
You are cold-blooded and may be slowed by cold attacks.


Message History

You feel extremely guilty.
You can no longer call upon Trog for regeneration and magic resistance.
Your Throwing skill gained 3 levels and is now at level 13!
Your Stealth skill gained 4 levels and is now at level 14!
Your Unarmed Combat skill gained 4 levels and is now at level 14!
Your Spellcasting skill gained 3 levels and is now at level 13!
The destroyer appears out of thin air!
A destroyer comes into view.
It is wielding a +9 great sword of slicing.
The destroyer shouts!
You hear a shout! x2
A bag of meat comes into view. It is wielding a +9 war axe.
You hear a shout! x4
Okay, then.
Are you sure you want to leave the Dungeon?
This will make you lose the game!
Alright, then stay!
Are you sure you want to leave the Dungeon?
This will make you lose the game!
Uppercase [Y]es or [N]o only, please.
Are you sure you want to leave the Dungeon?
This will make you lose the game!
You hear a shout! x8
The destroyer blinks!
You have escaped!

.. .. #. .# #..
..# .###..
..###.
......###......
....._.....
#..)).# #_)@._#
#.)V..#
....._.....
.ยง...O###......
.###.. ..###.
#.. ..# #o .# ..
..


You could see a destroyer, a large bag of meat (inner flame) and a bag of meat.

Vanquished Creatures
  4 ogres (D)
  6 orcs (D)
10 creatures vanquished.

Notes
Turn   | Place    | Note
-------+----------+-------------------------------------------
     0 | D        | Found the +โˆž Axe of Woe
     0 | D        | Ponchio the Draconian Berserker began the quest for the
                  | Orb.
     0 | D        | Reached XP level 1. HP: 19/19 MP: 1/1
     2 | D        | Noticed a bag of meat
     3 | D        | Noticed a bag of meat
     5 | D        | Noticed a meat berserker
     6 | D        | Noticed a meat berserker
     9 | D        | Killed a bag of meat
     9 | D        | Reached skill level 15 in Dodging
     9 | D        | Reached XP level 2. HP: 52/52 MP: 2/2
     9 | D        | Reached XP level 3. HP: 59/59 MP: 3/3
     9 | D        | Reached XP level 4. HP: 68/68 MP: 4/4
     9 | D        | Reached XP level 5. HP: 74/74 MP: 5/5
     9 | D        | Reached XP level 6. HP: 82/82 MP: 6/6
     9 | D        | Your scales start taking on a dull iron-grey colour.
     9 | D        | Reached XP level 7. HP: 89/89 MP: 7/7
     9 | D        | Gained mutation: You can survive without breathing. [Grey
                  | Draconian growth]
     9 | D        | Reached XP level 8. HP: 97/97 MP: 8/8
     9 | D        | Reached XP level 9. HP: 104/104 MP: 9/9
     9 | D        | Reached XP level 10. HP: 112/112 MP: 10/10
     9 | D        | Reached XP level 11. HP: 118/118 MP: 11/11
    10 | D        | Noticed a bag of meat
    10 | D        | Killed a meat berserker
    10 | D        | Reached ** piety under Trog
    10 | D        | Reached XP level 12. HP: 69/137 MP: 12/12
    10 | D        | Reached XP level 13. HP: 73/145 MP: 13/13
    10 | D        | Killed a meat berserker
    10 | D        | Reached XP level 14. HP: 80/160 MP: 14/14
    10 | D        | Killed a bag of meat
    10 | D        | Reached XP level 15. HP: 85/170 MP: 15/15
    14 | D        | Noticed a meat berserker
    19 | D        | Reached *** piety under Trog
    19 | D        | Reached skill level 27 in Fighting
    20 | D        | Killed a meat berserker
    20 | D        | Reached skill level 27 in Axes
    20 | D        | Reached skill level 27 in Dodging
    20 | D        | Reached XP level 16. HP: 102/183 MP: 15/19
    20 | D        | Noticed a meat berserker
    23 | D        | Reached skill level 10 in Throwing
    23 | D        | Reached skill level 10 in Stealth
    23 | D        | Reached skill level 10 in Unarmed Combat
    23 | D        | Reached skill level 10 in Spellcasting
    23 | D        | Reached XP level 17. HP: 107/191 MP: 15/31
    25 | D        | Noticed a large bag of meat
    26 | D        | Killed a meat berserker
    26 | D        | Noticed a destroyer
    28 | D        | Got out of the dungeon alive.

Levels and vault maps discovered:
D:        meatsprint

Skill      XL: |  1  2  3  4  5  6  7  8  9 10 11 12 13 14 15 16 17 |
---------------+----------------------------------------------------+-----
Fighting       | 17 22 24 25 27 | 27.0
Axes           | 16 20 22 23 27 | 27.0
Dodging        | 15 19 21 22 27 | 27.0
Throwing       | 2 10 13 | 13.5
Stealth        | 2 10 14 | 14.6
Unarmed Combat | 2 10 14 | 14.6
Spellcasting   | 2 10 13 | 13.5

Action                   |  1- 3 |  4- 6 |  7- 9 | 10-12 | 13-15 | 16-18 || total
-------------------------+-------+-------+-------+-------+-------+-------++-------
Melee: Executioner's axe |     1 |       |       |     1 |     3 |     3 ||     8
Invok: Trog's Hand       |       |       |       |       |     1 |       ||     1
Dodge: Dodged            |       |       |       |     1 |       |       ||     1
